 Dungeon Crawl Stone Soup version 0.23-b1-67-g8bd44de (webtiles) character file.

Game seed: 14820707268248954751

105 redwoodhats the Vexing (level 4, 0/24 HPs)
             Began as a Gargoyle Enchanter on Feb 5, 2019.
             Killed from afar by an orc wizard (8 damage)
             ... with a puff of frost
             ... on level 3 of the Dungeon.
             The game lasted 00:13:53 (2211 turns).

redwoodhats the Vexing (Gargoyle Enchanter)         Turns: 2211, Time: 00:13:55

Health: 0/24       AC:  8    Str: 11    XL:     4   Next: 83%
Magic:  8/8        EV: 12    Int: 17    God:
Gold:   74         SH:  0    Dex: 10    Spells: 7/8 levels left

rFire    . . .     SeeInvis .   g - +1 short sword (drain)
rCold    . . .     Gourm    .   (no shield)
rNeg     + . .     Faith    +   b - +0 robe
rPois    ∞         Spirit   .   (no helmet)
rElec    +         Reflect  .   (no cloak)
rCorr    .         Harm     .   i - +0 pair of gloves
MR       .....                  e - +1 pair of boots
Stlth    ++........             c - amulet of faith
HPRegen  0.08/turn              k - ring of poison resistance
MPRegen  0.11/turn              (no ring)

@: no status effects
A: negative energy resistance 1, electricity resistance, unbreathing,
petrification resistance, rot immunity, AC +3
a: no special abilities


You were on level 3 of the Dungeon.
You were not hungry.

You visited 1 branch of the dungeon, and saw 3 of its levels.

You collected 74 gold pieces.

Inventory:

Hand Weapons
 a - a +1 dagger
 g - a +1 short sword of draining (weapon)
 l - a cursed -3 mace
Armour
 b - a +0 robe (worn)
 e - a +1 pair of boots (worn)
 i - a +0 pair of gloves (worn)
 n - a +0 pair of gloves
Jewellery
 c - an amulet of faith (around neck)
 k - a ring of poison resistance (left hand)
Scrolls
 f - 3 scrolls of identify
 m - 2 scrolls of enchant armour
Potions
 d - a potion of flight
Comestibles
 h - 2 rations


   Skills:
 + Level 0.5 Fighting
 + Level 1.9 Short Blades
 + Level 1.9 Dodging
 + Level 3.4 Stealth
 + Level 2.8 Spellcasting
 + Level 3.6 Hexes


You had 7 spell levels left.
You knew the following spells:

 Your Spells              Type           Power        Failure   Level  Hunger
a - Corona                Hex            ##.....      4%          1    #......

Your spell library contained the following spells:

 Spells                   Type           Power        Failure   Level  Hunger
 Confuse                  Hex            ##......     12%         3    ###....
 Tukima's Dance           Hex            ##......     12%         3    ###....
 Ensorcelled Hibernation  Hex/Ice        #.....       13%         2    ##.....
 Dazzling Spray           Conj/Hex       #.....       26%         3    ###....


Dungeon Overview and Level Annotations

Branches:
Dungeon (3/15)

Altars:


Innate Abilities, Weirdness & Mutations

You are resistant to torment.
Your stone body is resilient. (AC +3)
You are immune to poison.
You resist negative energy. (rN+)
You are resistant to electric shocks. (rElec)
You can survive without breathing.
You are immune to petrification.
You are immune to rotting.


Message History

You hit the orc wizard.
The orc wizard is severely wounded.
The orc wizard hits you but does no damage.
The orc wizard barely misses you.
You hit the orc wizard.
The orc wizard is almost dead.
The orc wizard barely misses you. The orc hits you but does no damage.
You barely miss the orc wizard.
The orc wizard is almost dead.
The orc wizard points at you and mumbles some strange words.
The puff of frost misses you.
The orc wizard hits you but does no damage.
The orc closely misses you.
The orc wizard points at you and mumbles some strange words.
The puff of frost hits you.
The orc wizard mumbles some strange words.
The orc wizard blinks!
The orc wizard gestures at you while chanting.
The puff of frost hits you!
You die...

##§or###.# #. ##§o§# #...#.##
#§§o§# #....# ##§§### #...
##o§§.§## #..# #o.###§.######..
###o## ##.....##.. ...... .#
#...# ##........ ......###.#
#@o## ##..#.#.#
..........##+###..# #.......
.....#.#..##......#### ##..#.#.#
.....................####[.......
g....#.#.##...######........#.#.#
.>.......##...)..........#.......
#.......################...
######### #..#. ######## #†###


You could see 2 orc wizards and 2 orcs.

Vanquished Creatures
  3 gnolls (D:3)
  3 adders
  A worm (D:3)
  A dart slug (D:2)
  2 leopard geckos
  4 goblins
  7 hobgoblins
  10 kobolds
  3 ball pythons
  4 bats
  3 frilled lizards (D:2)
  7 rats
48 creatures vanquished.

Notes
Turn   | Place    | Note
-------+----------+-------------------------------------------
     0 | D:1      | redwoodhats the Gargoyle Enchanter began the quest for the
                  | Orb.
     0 | D:1      | Reached XP level 1. HP: 10/10 MP: 3/3
   238 | D:1      | Reached skill level 1 in Short Blades
   637 | D:1      | Reached XP level 2. HP: 15/15 MP: 5/5
  1151 | D:2      | Reached XP level 3. HP: 19/19 MP: 1/6
  1895 | D:3      | Reached XP level 4. HP: 13/24 MP: 4/7
  2211 | D:3      | Killed from afar by an orc wizard

Skill      XL: |  1  2 |
---------------+-------+-----
Short Blades   | 1 |  1.9
Hexes          | 3 |  3.6
Fighting       | |  0.5
Dodging        | |  1.9
Stealth        | |  3.4
Spellcasting   | |  2.8

Action                   |  1- 3 |  4- 6 || total
-------------------------+-------+-------++-------
Melee: Dagger            |    28 |       ||    28
       Short sword       |    88 |    31 ||   119
 Cast: Corona            |    37 |    11 ||    48
  Use: Scroll            |     5 |     1 ||     6
       Potion            |     3 |       ||     3
 Stab: Sleeping          |       |     1 ||     1
  Eat: Ration            |     1 |     1 ||     2
Armor: Robe              |    39 |    14 ||    53
Dodge: Dodged            |    72 |    18 ||    90
